Punk, chaotic male elven Priest --- |..----- --------|...|..-- |......|---.....-- --- --- |...--.---|......-- |[.--..... ---- ---.--...||-......--- --- --<...-.@.. |..-- |...--.--..........--.| |...)...d.. |...| ---.--.........^...(..| --........- |.. --...| |...................------......-----... |..-- |-...|......>..............)[...)(..)[.. |..| |...---............--------..)..)--%.... --.| |.|.| ---....---....| |............. |.--- --|.| |...-- |....| --^...... ... |...---------|.| ----- |...-- --.......... ---..........|.| ---- ---........-- |..|....--.|.| ---......^| ---|.........-- |....=..| ---.--.....| ----...-- -----.---- --- Punk the Adept Experience level: 6 Strength: 10 Dexterity: 10 Constitution: 14 Intelligence: 12 Wisdom: 20 Charisma: 10 Health: 0(45) Energy: 70(70) Def: 9 Gold: 304 Moves: 3018 Dungeon seed: LhEZF03VlCI5ivPQ Game ID: Punk_1615656482 Your Inventory: Coins $ - 304 gold pieces Weapons a - a blessed +1 mace (weapon in hand) J - 2 +0 daggers M - 6 poisoned +0 orcish arrows (in quiver) Q - 6 +0 arrows R - a blessed +0 bow (alternate weapon; not wielded) Armor j - a +0 dwarvish cloak n - a blessed +3 small shield (being worn) r - a +0 pair of leather gloves (being worn) u - a blessed +0 dwarvish cloak w - a blessed +0 pair of iron shoes (being worn) D - a +0 dwarvish iron helm (being worn) Comestibles o - a tripe ration Scrolls s - a scroll of earth x - 2 scrolls of blank paper Z - a scroll of identify Spellbooks g - a blessed spellbook of protection F - a spellbook of light Potions b - 3 potions of holy water W - a blessed potion of see invisible Wands l - a wand of cancellation (0:7) p - a wand of lightning (0:4) v - a wand of fire (0:4) B - a wand of striking (0:7) Tools h - an oil lamp (0:1037) i - a bugle k - a blindfold t - a skeleton key A - a blessed partly used tallow candle (lit) (0:136) H - 6 wax candles (0:400) K - 6 tallow candles (0:200) O - a skeleton key T - 2 blessed tallow candles (0:200) X - a leash Gems e - an agate stone q - a worthless piece of blue glass y - 3 worthless pieces of yellow glass z - an obsidian stone C - an aquamarine stone G - a worthless piece of black glass N - a worthless piece of violet glass V - a worthless piece of green glass Y - a worthless piece of white glass Spells and supernatural/magical abilities: Name Level Category Fail Memory p - protection 1 clerical 39% 85% B - cure blindness 2 healing 68% 85% W - pray for help -- divine ? -- X - turn undead -- divine ? -- Your skills at the end: Fighting Skills Weapon Skills mace [Basic] Spellcasting Skills clerical spells [Basic] Final Attributes: You were piously aligned. You were sleep resistant. You were stunned. You were confused. You had infravision. You are dead. Vanquished creatures: a dwarf mummy 2 dwarf lords a raven 2 Uruk-hai an orc shaman a pony a fog cloud 2 shriekers 6 gnome lords a gnomish wizard a golden naga hatchling a paper golem 6 dwarves a homunculus a dwarf zombie a gas spore a hobbit a yellow mold 22 gnomes a gnome zombie 4 geckos 3 jackals 2 goblins 4 sewer rats 10 grid bugs a bat 8 lichens 3 newts 89 creatures vanquished. Voluntary challenges: You had been an atheist until turn 2762. You used a wielded weapon 101 times, starting on turn 32. You read items or engraved 4 times, starting on turn 693. You never genocided any monsters. You never polymorphed an object. You never changed form. You used no wishes. You never split a pudding. You wrote Elbereth's name 1 time, starting on turn 925. You never violated your personal moral code. Dungeon overview: The Dungeons of Doom: levels 1 to 4 Level 1 a long staircase Level 2 Level 3 a general store Level 4 a fountain, some sinks stairs to The Gnomish Mines The Gnomish Mines: levels 5 to 7 Level 5 stairs to The Dungeons of Doom Level 6 Level 7 <- You were here History has recorded: On T:1 you entered the Dungeons of Doom to retrieve the Amulet of Yendor! On T:425 you advanced to experience level 2. On T:439 you reached level 2 of The Dungeons of Doom. On T:695 you reached level 3 of The Dungeons of Doom. On T:1030 you advanced to experience level 3. On T:1239 you reached level 4 of The Dungeons of Doom. On T:1975 you reached level 1 of The Gnomish Mines. On T:2001 you advanced to experience level 4. On T:2173 you advanced to experience level 5. On T:2286 you reached level 2 of The Gnomish Mines. On T:2580 you advanced to experience level 6. On T:2692 you reached level 3 of The Gnomish Mines. Score breakdown: Gold: 304 ( 8450 points) Experience: 6 levels (12456 points) Exploration: 7 levels ( 14.00%) (10497 points) Discoveries: 9 items ( 3.15%) ( 5321 points) Valuables value: (no points given unless you survive) Artifact value: 0 ( 0 points) Variety of kills: 28 monsters ( 7.35%) ( 8132 points) Turncount: 3018 turns ( -608 points) Survival: died (score multiplied by 80%) Total score: 35398 Latest messages: The little dog bites! You attack thin air. The little dog bites! You attack thin air. The little dog misses. The little dog bites! You feel incredibly sick. You attack thin air. The little dog bites! You attack thin air. The little dog misses. The little dog bites! You attack thin air. The little dog bites! You suddenly vomit! The little dog bites! (2x) The little dog just misses! You're done throwing up. You attack thin air. The little dog misses. The little dog bites! You die... Final status: Goodbye Punk the Priest, killed by a little dog... You died in The Gnomish Mines on dungeon level 7 with 35398 points, and 304 pieces of gold, after 3018 moves. You were level 6 with a maximum of 45 hit points when you died.